 Dungeon Crawl Stone Soup version 0.22-a0-351-g29664b4 (webtiles) character file.

2212 RoseArtemis the Carver (level 9, -4/79 HPs)
             Began as a Minotaur Fighter on Apr 12, 2018.
             Was a Follower of Okawaru.
             Slain by a hog (9 damage)
             ... on level 7 of the Dungeon.
             The game lasted 00:18:22 (7200 turns).

RoseArtemis the Carver (Minotaur Fighter)           Turns: 7200, Time: 00:18:23

Health: -4/79      AC:  8    Str: 21    XL:     9   Next: 13%
Magic:  8/8        EV:  9    Int:  6    God:    Okawaru [*.....]
Gold:   291        SH: 11    Dex: 12    Spells: 8/8 levels left

rFire    . . .     SeeInvis .   a - +1 long sword
rCold    . . .     Gourm    .   c - +0 shield
rNeg     . . .     Faith    .   v - +2 ring mail {MR+}
rPois    .         Spirit   .   (helmet restricted)
rElec    .         Reflect  .   (no cloak)
rCorr    .         Harm     .   (no gloves)
MR       +....                  (no boots)
Stlth    +.........             (no amulet)
HPRegen  0.23/turn              (no ring)
MPRegen  0.11/turn              (no ring)

@: no status effects
A: retaliatory headbutt, horns 2
a: Heroism, Renounce Religion


You were on level 7 of the Dungeon.
You worshipped Okawaru.
Okawaru was aware of your devotion.
You were not hungry.

You visited 2 branches of the dungeon, and saw 8 of its levels.

You collected 291 gold pieces.

Inventory:

Hand Weapons
 a - a +1 long sword (weapon)
Missiles
 m - a throwing net (quivered)
Armour
 c - a +0 shield (worn)
 v - a +2 ring mail of magic resistance (worn)
Jewellery
 h - an uncursed ring of fire
 y - an uncursed ring of flight
Wands
 b - a wand of disintegration (12)
 g - a wand of clouds (6)
Scrolls
 d - a scroll of magic mapping
 e - 2 scrolls of remove curse
 j - 4 scrolls of teleportation
 k - a scroll of enchant armour
 l - 2 scrolls of amnesia
 o - 4 scrolls of fog
 p - a scroll of blinking
Potions
 i - a potion of curing
 n - a potion of flight
 q - 2 potions of resistance
 r - a potion of lignification {unknown}
 s - a potion of berserk rage {unknown}
 t - a potion of brilliance {unknown}
 u - a potion of invisibility {unknown}
 w - a potion of heal wounds {unknown}
 z - a potion of might
Comestibles
 f - 11 rations


   Skills:
 + Level 7.4 Fighting
 * Level 9.5 Long Blades
 + Level 7.4 Armour
 + Level 7.4 Shields


You had 8 spell levels left.
You didn't know any spells.

Dungeon Overview and Level Annotations

Branches:
Dungeon (7/15)             Temple (1/1) D:5

Altars:
Ashenzari
Cheibriados
Dithmenos
Elyvilon
Fedhas
Gozag
Hepliaklqana
Kikubaaqudgha
Makhleb
Nemelex Xobeh
Okawaru
Qazlal
Ru
Sif Muna
Trog
Uskayaw
Vehumet
Wu Jian
Xom
Yredelemnul
Zin
The Shining One

Shops:
D:5 :((%


Innate Abilities, Weirdness & Mutations

You reflexively headbutt those who attack you in melee.
You have a pair of horns on your head.


Message History

You hit the human.
You kill the human!
Okawaru accepts your kill. The hog bites you but does no damage.
You hit the hog.
The hog is severely wounded.
You block the hog's attack. The hog bites you but does no damage.
The hog bites you!
You hit the hog.
The hog is almost dead.
The hog bites you but does no damage. The hog bites you!
* * * LOW HITPOINT WARNING * * *
The hog bites you!
* * * LOW HITPOINT WARNING * * *
Your shield prevents you from hitting the hog.
The hog is almost dead.
The hog bites you!
* * * LOW HITPOINT WARNING * * *
The hog bites you!
You die...

.# #.# #.#######
#.#%%#..#
#.#%.#..#
#.#..'..#
.#######.#hh#..#
.........#hh#..#
########.#@####
#......# #.#....#
#.##.#.# #.##.#.#
# ..#..#)#.#
###.##.#.# ..
#...#
.#############...#


You could see 4 hogs.

Vanquished Creatures
  The ghost of George the Carver, a novice MiFi (D:5)
  A human (D:7)
  Edmund (D:6)
  A water moccasin (D:4)
  A phantom (D:5)
  A sky beast (D:6)
  4 ogres
  2 bullfrogs (D:6)
  6 killer bees (D:5)
  A howler monkey (D:4)
  A quasit (D:6)
  2 orc priests (D:4)
  3 orc wizards
  A centaur skeleton (D:6)
  4 worker ants
  A worker ant zombie (D:5)
  9 gnolls
  10 adders
  A howler monkey skeleton (D:4)
  2 orc zombies (D:5)
  A shadow imp (D:5)
  2 oozes
  An adder skeleton (D:5)
  A worm (D:3)
  2 dart slugs (D:1)
  A leopard gecko (D:1)
  13 orcs
  A ball python (D:5)
  4 giant cockroaches
  4 goblins
  7 hobgoblins
  13 jackals
  4 kobolds
  A quokka (D:5)
  9 bats
  4 frilled lizards
  8 rats
129 creatures vanquished.

Vanquished Creatures (others)
  An orc (D:3)
1 creature vanquished.

Grand Total: 130 creatures vanquished

Notes
Turn   | Place    | Note
-------+----------+-------------------------------------------
     0 | D:1      | RoseArtemis the Minotaur Fighter began the quest for the Orb.
     0 | D:1      | Reached XP level 1. HP: 19/19 MP: 0/0
   127 | D:1      | Reached XP level 2. HP: 26/27 MP: 1/1
   263 | D:1      | Reached skill level 3 in Long Blades
   487 | D:1      | Reached XP level 3. HP: 33/33 MP: 2/2
  1236 | D:2      | Reached XP level 4. HP: 40/40 MP: 3/3
  1554 | D:2      | Reached skill level 4 in Long Blades
  1954 | D:3      | Found a transporter.
  1974 | D:3      | Found a transporter.
  2498 | D:3      | Found a stormy altar of Qazlal.
  2623 | D:3      | Found a hide-covered altar of Uskayaw.
  2769 | D:3      | Reached XP level 5. HP: 47/47 MP: 4/4
  3094 | D:4      | Noticed a water moccasin
  3101 | D:4      | Killed a water moccasin
  3101 | D:4      | Reached skill level 5 in Long Blades
  3109 | D:4      | Reached XP level 6. HP: 45/55 MP: 5/5
  3589 | D:4      | Reached skill level 5 in Armour
  3599 | D:4      | Reached skill level 5 in Shields
  3606 | D:4      | Reached skill level 5 in Fighting
  3939 | D:4      | Reached skill level 6 in Long Blades
  3939 | D:4      | Reached XP level 7. HP: 26/61 MP: 6/6
  4551 | D:5      | Entered Level 5 of the Dungeon
  4567 | D:5      | Found Ysoll's Book Boutique.
  4754 | D:5      | Found Dumneitt's Food Emporium.
  4754 | D:5      | Found a transporter.
  4772 | D:5      | Found a staircase to the Ecumenical Temple.
  4786 | D:5      | Reached skill level 7 in Long Blades
  4804 | Temple   | Entered the Ecumenical Temple
  5032 | Temple   | Became a worshipper of Warmaster Okawaru
  5249 | D:5      | Noticed George's ghost (novice MiFi)
  5262 | D:5      | Killed George's ghost
  5262 | D:5      | Reached skill level 8 in Long Blades
  5262 | D:5      | Reached XP level 8. HP: 39/71 MP: 7/7
  5539 | D:5      | Found Mut Damaexo's Weapon Emporium.
  5615 | D:5      | Found a transporter.
  5780 | D:5      | Found Wibbeim's Weapon Shop.
  6121 | D:6      | Noticed Edmund
  6138 | D:6      | Killed Edmund
  6399 | D:6      | Reached skill level 9 in Long Blades
  6461 | D:6      | Reached * piety under Okawaru
  6990 | D:7      | Reached XP level 9. HP: 58/79 MP: 8/8
  7200 | D:7      | Slain by a hog

Vault maps used:
D:1:      ncdulo_watergridlock
D:2:      kennysheep_big_flooded_room
D:3:      gammafunk_wand_slinger, lemuel_coloured_pillars_altar, first_ration,
          grunt_qazlal_clouds
D:5:      gammafunk_cloud_chamber, minmay_temple_entry_statues_pillars,
          serial_shops, shop, shop, nicolae_shop_window_shopping, shop,
          grunt_ministairs_8
D:6:      serial_glass, glass_columns_c, glass_columns_b, uniq_edmund
D:7:      grunt_livestock
Temple:   nicolae_temple_the_god_donut

Skill      XL: |  1  2  3  4  5  6  7  8 |
---------------+-------------------------+-----
Long Blades    | 3 4 5 6 8 9 |  9.5
Armour         | 4 5 6 7 |  7.4
Fighting       | 4 5 6 7 |  7.4
Shields        | 4 5 6 7 |  7.4

Action                   |  1- 3 |  4- 6 |  7- 9 || total
-------------------------+-------+-------+-------++-------
Melee: Long sword        |    85 |   128 |   211 ||   424
       Headbutt          |    11 |    19 |    56 ||    86
Throw: Stone             |    13 |    22 |       ||    35
Invok: Heroism           |       |       |     1 ||     1
  Use: Scroll            |     1 |    13 |     4 ||    18
       Potion            |       |     1 |     3 ||     4
  Eat: Chunk             |     1 |     8 |    11 ||    20
Armor: Scale mail        |    40 |    51 |    28 ||   119
       Ring mail         |       |       |    57 ||    57
Dodge: Dodged            |    27 |    39 |    58 ||   124
Block: Shield            |    39 |    71 |   126 ||   236
       Rpst.: Long sword |     8 |    10 |    18 ||    36

Table legend:
 A = Spawn XP
 B = Non-spawn XP
 C = Spawn XP percentage of total XP
 D = Spawn monster count
 E = Non-spawn monster count
 F = Spawn count percentage of total count
 G = Total turns spent on level
                    A         B        C        D         E        F      G
               +---------+---------+-------+---------+---------+-------+---------
         Total |       0 |    3160 |   0.0 |       0 |     129 |   0.0 |  7200
               +---------+---------+-------+---------+---------+-------+---------
           D:1 |       0 |      79 |   0.0 |       0 |      27 |   0.0 |   907
           D:2 |       0 |      55 |   0.0 |       0 |      10 |   0.0 |   948
           D:3 |       0 |      77 |   0.0 |       0 |      17 |   0.0 |  1553
           D:4 |       0 |     601 |   0.0 |       0 |      23 |   0.0 |  1143
           D:5 |       0 |    1230 |   0.0 |       0 |      32 |   0.0 |  1112
           D:6 |       0 |     682 |   0.0 |       0 |      17 |   0.0 |   775
           D:7 |       0 |     436 |   0.0 |       0 |       3 |   0.0 |   317
               +---------+---------+-------+---------+---------+-------+---------
